 Dungeon Crawl Stone Soup version 0.14-a0-181-gf6fe0c6 (webtiles) character file.

2598 Malachi the Reanimator (level 9, 0/63 HPs)
             Began as a Ghoul Necromancer on Oct 6, 2013.
             Slain by an orc warrior
             ... wielding a -1,+2 orcish long sword
              (22 damage)
             ... on Level 7 of the Dungeon.
             The game lasted 00:24:31 (8496 turns).

Malachi the Reanimator (Ghoul Necromancer)          Turns: 8496, Time: 00:24:31

HP   0/63        AC  9     Str 12      XL: 9   Next: 42%
MP  12/29        EV 12     Int 13      God:
Gold 265         SH  0     Dex  9      Spells:  2 memorised, 15 levels left

Res.Fire  : . . .   See Invis. : .   t - +1 mace (protect)
Res.Cold  : + . .   Warding    : .   g - +1 orc robe
Life Prot.: + + +   Conserve   : .   (no shield)
Res.Poison: +       Res.Corr.  : .   (no helmet)
Res.Elec. : .       Clarity    : .   v - +0 cloak
Sust.Abil.: . .     Spirit.Shd : .   (no gloves)
Res.Mut.  : +       Stasis     : .   (no boots)
Res.Rott. : +       Flight     : .   m - amulet of resist mutation
Saprovore : + + +                    c - ring of sustenance
                                     h - ring of magical power

@: rotting, slightly resistant to hostile enchantments, unstealthy
A: rotting body, claws 1, carnivore 3, cold resistance 1, life protection 3,
poison resistance, saprovore 3, slow healing 1, torment resistance, unbreathing
a: no special abilities


You were on level 7 of the Dungeon.
You were not hungry.

You visited 2 branches of the dungeon, and saw 9 of its levels.

You collected 245 gold pieces.

Inventory:

Hand weapons
 d - a +4,+2 dagger
 t - a +1,+1 mace of protection (weapon)
Missiles
 i - 6 javelins
 p - 3 javelins of returning (quivered)
Armour
 g - a +1 orcish robe (worn)
 v - a +0 cloak (worn)
Magical devices
 a - a wand of fire (8)
 e - a wand of polymorph (14) {unknown}
 u - a wand of flame (11) {unknown}
 x - a wand of fireball (4) {unknown}
 z - a wand of paralysis (17)
 A - a wand of cold (11) {unknown}
 B - a wand of confusion (4) {unknown}
Comestibles
 r - 3 meat rations
 w - 6 chunks of orc flesh
Scrolls
 f - a scroll of amnesia
 j - a scroll of magic mapping
 k - 4 scrolls of remove curse
 l - a scroll of fear
 o - 3 scrolls of teleportation
Jewellery
 c - a ring of sustenance (right claw)
 h - a ring of magical power (left claw)
 m - an amulet of resist mutation (around neck)
Potions
 n - 2 potions of heal wounds
 q - 5 potions of curing
Books
 b - a book of Necromancy

   Spells                             Type                      Level
   *Pain                              Necromancy                   1
   Animate Skeleton                   Necromancy                   1
   Lethal Infusion                    Charms/Necromancy            2
   *Vampiric Draining                 Necromancy                   3
   Regeneration                       Charms/Necromancy            3
   Animate Dead                       Necromancy                   4
   Control Undead                     Necromancy                   4
 y - a book of Battle

   Spells                             Type                      Level
   Infusion                           Charms                       1
   Shroud of Golubria                 Charms/Translocation         2
   Song of Slaying                    Charms                       2
   Spectral Weapon                    Hexes/Charms                 3
   Regeneration                       Charms/Necromancy            3
   Song of Shielding                  Charms                       4


   Skills:
 + Level 1.4 Fighting
 - Level 1.1 Short Blades
 + Level 1.6 Maces & Flails
 + Level 1.7 Throwing
 - Level 1.7 Dodging
 - Level 2.1 Stealth
 + Level 5.6 Spellcasting
 * Level 10.3 Necromancy


You had 15 spell levels left.
You knew the following spells:

 Your Spells              Type           Power        Failure   Level  Hunger
a - Pain                  Necr           ####         1%          1    None
b - Vampiric Draining     Necr           ####......   1%          3    ###....


Dungeon Overview and Level Annotations

Branches:
Dungeon (8/27)             Temple (1/1) D:5
    Orc: D:6-11        Lair: D:8-13

Altars:
Ashenzari
Cheibriados
Elyvilon
Fedhas
Kikubaaqudgha
Makhleb
Nemelex Xobeh
Okawaru
Sif Muna
Trog
Vehumet
Xom
Yredelemnul
Zin
the Shining One


Innate Abilities, Weirdness & Mutations

Your body is rotting away.
You have sharp fingernails.
You are carnivorous and can eat meat at any time.
Your flesh is cold resistant.
You are immune to negative energy.
Your system is resistant to poisons.
You thrive on rotten meat.
You heal slowly.
You are immune to unholy pain and torment.
You can survive without breathing.


Message History

You feel life coursing into your body. The orc closely misses you.
The orc warrior barely misses you.
Casting: Vampiric Draining
Confirm with . or Enter, or press ? or * to list all spells.
Aiming: Vampiric Draining
Press: ? - help, Shift-Dir - straight line, f/p - orc warrior
Aim: an orc warrior, wielding an orcish long sword and wearing an orcish chain mail (heavily wounded)
The orc warrior is severely wounded.
You feel life coursing into your body. The orc closely misses you.
The orc warrior hits you with an orcish long sword!
* * * LOW HITPOINT WARNING * * *
Casting: Vampiric Draining
Confirm with . or Enter, or press ? or * to list all spells.
Aiming: Vampiric Draining
Press: ? - help, Shift-Dir - straight line, f/p - orc warrior
Aim: an orc warrior, wielding an orcish long sword and wearing an orcish chain mail (severely wounded)
The orc warrior is almost dead.
You feel life coursing into your body. The orc completely misses you.
The orc warrior hits you with an orcish long sword!
You die...

#.# #...........# ####.#
######.##..## #....# #.###.#
#.#### ######># #.# #.#
#......###.# ###.## #.#........#
.....######.#.##)##..# ########
###.........#.(o.##..#####.......
####.#####..#..)@....##....#..###
..##.# #.....#o##.###..#....#..
#.##.# ##.........# #..##.....#
.....# ##...###### #..####%###
.....# #...# #..####(.). #.##.#
#...# #.....).### #.##.#
#...########.######### #.##.#
#.........##.##.......
...#<#######....#.....#[##.####..


You could see an orc warrior and an orc.

Vanquished Creatures
  Joseph (D:7)
  2 ice beasts
  A sky beast (D:6)
  2 phantoms
  A black bear (D:7)
  2 ogres (D:5)
  2 centaurs
  A giant frog (D:5)
  An agate snail (D:4)
  An eye of draining (D:4)
  A jelly (D:5)
  2 crimson imps
  4 orc priests
  A scorpion (D:4)
  A centaur skeleton (D:4)
  7 orc wizards
  2 hounds
  5 worker ants
  An ogre skeleton (D:5)
  4 gnolls (D:7)
  7 adders
  2 giant mites
  2 worms
  A giant eyeball (D:7)
  3 giant geckos
  22 orcs
  4 ball pythons
  12 goblins
  12 hobgoblins
  7 jackals
  2 quokkas (D:3)
  9 bats
  3 giant cockroaches
  3 giant newts
  10 kobolds
  A kobold zombie (D:6)
  13 rats
155 creatures vanquished.

Vanquished Creatures (others)
  An orc wizard (D:7)
1 creature vanquished.

Grand Total: 156 creatures vanquished

Notes
Turn   | Place    | Note
--------------------------------------------------------------
     0 | D:1      | Malachi, the Ghoul Necromancer, began the quest for the Orb.
     0 | D:1      | Reached XP level 1. HP: 14/14 MP: 3/3
   270 | D:1      | Reached XP level 2. HP: 20/20 MP: 4/4
   789 | D:1      | Reached XP level 3. HP: 24/26 MP: 5/5
  1120 | D:2      | Found an ancient bone altar of Kikubaaqudgha.
  1169 | D:2      | Learned a level 3 spell: Vampiric Draining
  1290 | D:2      | Reached skill level 5 in Necromancy
  1335 | D:2      | Reached XP level 4. HP: 21/32 MP: 6/6
  2019 | D:3      | Reached XP level 5. HP: 35/38 MP: 4/8
  2649 | D:4      | Noticed a phantom
  2691 | D:4      | Killed a phantom
  2691 | D:4      | Reached skill level 6 in Necromancy
  2691 | D:4      | Reached XP level 6. HP: 3/42 MP: 11/11
  3453 | D:4      | Reached skill level 1 in Short Blades
  4146 | D:4      | Reached XP level 7. HP: 50/50 MP: 0/12
  4270 | D:4      | Found a glowing golden altar of the Shining One.
  4926 | D:4      | Reached skill level 7 in Necromancy
  5016 | D:4      | Found a snail-covered altar of Cheibriados.
  5243 | D:5      | Entered Level 5 of the Dungeon
  5372 | D:5      | Reached skill level 1 in Throwing
  5637 | D:5      | Found a staircase to the Ecumenical Temple.
  5653 | D:5      | Reached skill level 1 in Fighting
  5688 | D:5      | Reached XP level 8. HP: 47/58 MP: 15/15
  5919 | D:5      | Paralysed by an orc for 6 turns
  5981 | D:5      | Reached skill level 1 in Maces & Flails
  5981 | D:5      | Reached skill level 8 in Necromancy
  6266 | Temple   | Entered the Ecumenical Temple
  6619 | D:6      | Found a shimmering altar of Xom.
  6773 | D:6      | Reached skill level 9 in Necromancy
  7153 | D:7      | Reached skill level 5 in Spellcasting
  7277 | D:7      | Reached XP level 9. HP: 57/63 MP: 19/19
  7609 | D:7      | Noticed Joseph
  7620 | D:7      | Killed Joseph
  7620 | D:7      | Reached skill level 10 in Necromancy
  7764 | D:7      | Paralysed by a giant eyeball for 2 turns
  8496 | D:7      | Slain by an orc warrior

Action                   |  1- 3 |  4- 6 |  7- 9 || total
-------------------------+-------+-------+-------++-------
Melee: Unarmed           |     2 |       |       ||     2
       Dagger            |     6 |    67 |    66 ||   139
       Mace              |       |    40 |   391 ||   431
Throw: Javelin           |     4 |    13 |    33 ||    50
 Cast: Pain              |    71 |    36 |    37 ||   144
       Vampiric Draining |       |    27 |    87 ||   114
Evoke: Wand              |       |       |     4 ||     4
  Use: Potion            |     2 |       |     5 ||     7
       Scroll            |       |    11 |     9 ||    20
 Stab: Sleeping          |       |       |     3 ||     3
